 Dungeon Crawl Stone Soup version 0.31-a0-149-g3fdcc5976a (webtiles) character file.

Game seed: 1738757492315916808

289 qw the Shooter (level 6, -9/55 HPs)
             Began as a Minotaur Hunter on June 7, 2023.
             Mangled by a shadow (12 damage)
             ... on level 6 of the Dungeon.
             The game lasted 00:01:01 (2616 turns).

qw the Shooter (Minotaur Hunter)                    Turns: 2616, Time: 00:01:01

Health: -9/55      AC:  4    Str: 15    XL:     6   Next: 9%
Magic:  5/5        EV: 12    Int:  6    God:
Gold:   170        SH:  0    Dex: 16    Spells: 5/5 levels left

rFire   . . .        Y - +0 shortbow
rCold   . . .        (shield currently unavailable)
rNeg    . . .        c - +0 leather armour
rPois   .            (helmet restricted)
rElec   .            (no cloak)
rCorr   .            h - +0 pair of gloves
SInv    .            (no boots)
Will    .....        (no amulet)
Stlth   +            (no ring)
HPRegen 0.29/turn    (no ring)
MPRegen 0.09/turn

%: no passive effects
@: no status effects
A: horns 2, retaliatory headbutt
a: no special abilities


You were on level 6 of the Dungeon.
You visited 1 branch of the dungeon, and saw 6 of its levels.

You collected 170 gold pieces.


Innate Abilities, Weirdness & Mutations

You have a pair of horns on your head.
You reflexively headbutt those who attack you in melee.


   Skills:
 - Level 4.9 Fighting
 + Level 6.8 Ranged Weapons
 - Level 1.3 Armour
 - Level 2.1 Dodging
 - Level 0.7 Stealth


You had 5 spell levels left.
You didn't know any spells.
Your spell library was empty.

Inventory:

Hand Weapons
 Y - a +0 shortbow (weapon)
Armour
 c - a +0 leather armour (worn)
 g - a +0 ring mail of poison resistance
 h - a +0 pair of gloves (worn)
Jewellery
 b - a ring of ice
Scrolls
 a - 2 scrolls of identify
Potions
 d - a potion of heal wounds {unknown}
 e - a potion of brilliance {unknown}
 f - a potion of lignification {unknown}

Dungeon Overview and Level Annotations

Branches:
Dungeon (7/15)             Temple (0/1) D:7

Altars:


Message History

A shadow comes into view.
The shadow moves out of view.
Found 17 gold pieces.
You shoot an arrow. The arrow barely misses the shadow.
You shoot an arrow.
The arrow hits the shadow but does no damage.
You shoot an arrow. The arrow hits the shadow.
The shadow is lightly damaged.
The shadow hits you!
You shoot an arrow.
The arrow hits the shadow but does no damage.
The shadow is lightly damaged.
The shadow hits you.
You shoot an arrow. The arrow hits the shadow.
The shadow is lightly damaged.
The shadow slips into darkness.
The shadow flickers and vanishes!
Deactivating autopickup; reactivate with Ctrl-A.
You shoot an arrow.
The shadow strikes at you from the darkness!
Reactivating autopickup.
You shoot an arrow.
The arrow hits the shadow but does no damage.
The shadow is lightly damaged.
The shadow closely misses you.
You shoot an arrow. The arrow hits the shadow.
The shadow is moderately damaged.
The shadow slips into darkness.
The shadow flickers and vanishes!
Deactivating autopickup; reactivate with Ctrl-A.
You shoot an arrow.
The shadow strikes at you from the darkness!
Ouch! That really hurt!
Reactivating autopickup.
The shadow hits you!
You shoot an arrow.
The arrow hits the shadow but does no damage.
The shadow is moderately damaged.
The shadow hits you!
You die...

#.# #.# .# ..
#.##.##.# ........
#.#.... . #.#..#
.# .
$.#####W#..##.#.#
.......@.........
..######..#.#....
. ###.#.#...#.# .
#..##%....... #.
#.#.#.#...##.
##.###.##..#.###
##...#...#....###
..................
#...#...#########


You could see a shadow.

Vanquished Creatures
  An ogre (D:4)
  A jelly (D:6)
  A hound (D:6)
  An iguana (D:6)
  4 adders (D:3)
  2 dart slugs
  11 endoplasms
  2 giant cockroaches
  8 goblins
  5 hobgoblins
  9 jackals (D:1)
  3 quokkas
  6 ball pythons
  7 bats
  5 frilled lizards
  8 kobolds
  4 rats
  A spectral hobgoblin (D:3)
79 creatures vanquished.

Notes
Turn   | Place    | Note
-------+----------+-------------------------------------------
     0 | D:1      | qw the Minotaur Hunter began the quest for the Orb.
     0 | D:1      | Reached XP level 1. HP: 18/18 MP: 0/0
     0 | D:1      | 0 ||| qw: Version: 0.2-a-117-gc6b5c8b
     0 | D:1      | 0 ||| qw: Game counter: 2584
     0 | D:1      | 0 ||| qw: Always use a shield: true
     0 | D:1      | 0 ||| qw: God list: Okawaru
     0 | D:1      | 0 ||| qw: Allow faded altars: false
     0 | D:1      | 0 ||| qw: Do Orc after D:15 true
     0 | D:1      | 0 ||| qw: Do second Lair branch before Depths: true
     0 | D:1      | 0 ||| qw: Lair rune preference: random
     0 | D:1      | 0 ||| qw: Plans: Normal
     0 | D:1      | 0 ||| PLANNING D:1-11
    67 | D:1      | Reached XP level 2. HP: 22/25 MP: 1/1
   108 | D:1      | Reached skill level 5 in Ranged Weapons
   190 | D:1      | Reached skill level 3 in Fighting
   769 | D:1      | 769 ||| DROPPING scroll of butterflies.
   942 | D:2      | Reached XP level 3. HP: 31/31 MP: 2/2
  1504 | D:2      | 1504 ||| UPGRADING to +0 pair of gloves.
  1509 | D:2      | 1509 ||| READING scroll labelled IMOUZI JIECW.
  1510 | D:2      | 1510 ||| READING scroll labelled GOISKO HIURAG.
  1511 | D:2      | 1511 ||| READING scroll labelled NECZIG CEL.
  1556 | D:3      | Reached XP level 4. HP: 38/38 MP: 3/3
  1560 | D:3      | Reached skill level 6 in Ranged Weapons
  1665 | D:3      | Found a faded altar of an unknown god.
  1707 | D:3      | Reached skill level 1 in Armour
  1707 | D:3      | 1707 ||| FLEEEEING.
  1708 | D:3      | 1708 ||| FLEEEEING.
  1709 | D:3      | 1709 ||| STAIRDANCE
  1735 | D:2      | 1735 ||| READING scroll labelled YWKIVV CAAQOGH.
  1738 | D:2      | 1738 ||| READING scroll labelled CAHUSE DUTU.
  2064 | D:3      | 2064 ||| DROPPING amulet of magic regeneration.
  2065 | D:3      | 2065 ||| READING scroll labelled KOERCH SAIDDIES.
  2083 | D:4      | 2083 ||| PLANNING SEWER
  2148 | D:4      | Noticed an ogre
  2153 | D:4      | Killed an ogre
  2154 | D:4      | Reached XP level 5. HP: 47/47 MP: 4/4
  2465 | D:4      | You fall into a shaft and drop 3 floors!
  2465 | D:7      | Found a staircase to the Ecumenical Temple.
  2493 | D:7      | 2493 ||| FLEEEEING.
  2494 | D:7      | 2494 ||| FLEEEEING.
  2495 | D:7      | 2495 ||| FLEEEEING.
  2496 | D:7      | 2496 ||| STAIRDANCE
  2496 | D:7      | Noticed a centaur
  2528 | D:6      | Reached XP level 6. HP: 35/55 MP: 5/5
  2605 | D:6      | Noticed a shadow
  2615 | D:6      | HP: 13/55 [something (31)]
  2615 | D:6      | HP: 2/55 [shadow (11)]
  2616 | D:6      | Mangled by a shadow

Levels and vault maps discovered:
D:1:      scummos_arrival_forest, layout_basic, st_stairs_6
D:2:      layout_basic
D:3:      layout_rooms, dreamdust_ecumenical_altar_drowned_temple
D:4:      layout_gridville, portal_sewer_entry_a, uniq_edmund
D:6:      layout_loops_ring, chequers_serial_rivers_small_a
D:7:      layout_cave_pools, minmay_temple_entry_slanted, serial_shops,
          nicolae_shop_rolled_up, kennysheep_crisscross, hangedman_decor_points,
          minmay_checkerbox

Skill      XL: |  1  2  3  4 |
---------------+-------------+-----
Ranged Weapons | 5 6 |  6.8
Fighting       | 3 4 |  4.9
Armour         | 1 |  1.3
Dodging        | |  2.1
Stealth        | |  0.7

Action                     |  1- 3 |  4- 6 || total
---------------------------+-------+-------++-------
   Fire: Shortbow          |   117 |   117 ||   234
    Use: Scroll            |     3 |     3 ||     6
 Armour: Leather armour    |     8 |     8 ||    16
  Dodge: Dodged            |    24 |    18 ||    42

Table legend:
 A = Non-vault XP
 B = Vault XP
 C = Vault XP percentage of total XP
 D = Non-vault monster count
 E = Vault monster count
 F = Vault count percentage of total count
                 A         B        C        D         E       F
            +---------+---------+-------+---------+---------+-------
      Total |     411 |       3 |   0.7 |      77 |       2 |   2.5
            +---------+---------+-------+---------+---------+-------
        D:1 |      38 |       2 |   5.0 |      21 |       1 |   4.5
        D:2 |      35 |       0 |   0.0 |      22 |       0 |   0.0
        D:3 |      83 |       1 |   1.2 |      22 |       1 |   4.3
        D:4 |     132 |       0 |   0.0 |       9 |       0 |   0.0
        D:6 |     123 |       0 |   0.0 |       3 |       0 |   0.0
            +---------+---------+-------+---------+---------+-------
